 Dungeon Crawl Stone Soup version 0.30-a0-937-ga0a21ad780 (webtiles) character file.

Game seed: 11492273137831974243

214 2tousent the Grave Robber (level 5, -1/38 HPs)
             Began as a Demonspawn Necromancer on Mar 25, 2023.
             Splashed by a jelly's acid (8 damage)
             ... on level 4 of the Dungeon.
             The game lasted 00:10:15 (3780 turns).

2tousent the Grave Robber (Demonspawn Necromancer)  Turns: 3780, Time: 00:10:16

Health: -1/38      AC: -1    Str: 10    XL:     5   Next: 59%
Magic:  8/9        EV: 13    Int: 16    God:
Gold:   230        SH:  0    Dex: 16    Spells: 2/10 levels left

rFire   . . .      SeeInvis .    j - +2 dagger (venom)
rCold   . . .      Faith    .    (no shield)
rNeg    . . .      Spirit   .    a - +0 robe
rPois   .          Reflect  .    (no helmet)
rElec   .          Rampage  .    (no cloak)
rCorr   .                        g - +0 pair of gloves
Will    .....                    (no boots)
Stlth   +++                      (no amulet)
HPRegen 0.26/turn                k - ring of flight
MPRegen 0.22/turn                (no ring)

@: corroded, animating dead, flying
A: thin skeletal structure 1, magic regeneration
a: no special abilities


You were on level 4 of the Dungeon.
You visited 1 branch of the dungeon, and saw 4 of its levels.

You collected 230 gold pieces.

Inventory:

Hand Weapons
 f - a +0 dagger
 j - a +2 dagger of venom (weapon)
Armour
 a - a +0 robe (worn)
 g - a +0 pair of gloves (worn)
Jewellery
 k - a ring of flight (left hand)
 s - a ring of protection from cold
 v - an amulet of magic regeneration
Wands
 n - a wand of paralysis (12)
 r - a wand of polymorph (10)
Scrolls
 l - a scroll of teleportation
 q - a scroll of enchant armour {unknown}
 t - a scroll of identify
 w - a scroll of noise {unknown}
 y - a scroll of fear
Potions
 b - a potion of magic
 c - a potion of degeneration {unknown}
 d - 2 potions of attraction
 e - 2 potions of curing
 h - a potion of cancellation
 i - a potion of might
 m - a potion of lignification {unknown}
 o - 2 potions of mutation {unknown}
 p - 4 potions of heal wounds {unknown}
 u - a potion of flight {unknown}
 x - a potion of resistance {unknown}


   Skills:
 + Level 2.2 Fighting
 + Level 2.8 Dodging
 - Level 1.7 Stealth
 - Level 3.0 Spellcasting
 * Level 5.9 Necromancy


You had 2 spell levels left.
You knew the following spells:

 Your Spells              Type           Power      Damage    Failure   Level
a - Necrotise             Necr           84%        1d8       1%          1
b - Vampiric Draining     Necr           21%        2d7       4%          3
c - Animate Dead          Necr           21%        N/A       16%         4

Your spell library contained the following spells:

 Spells                   Type           Power      Damage    Failure   Level
 Agony                    Necr           21%        N/A       41%         5
 Frozen Ramparts          Ice            4%         1d1       50%         3
 Ignite Poison            Fire/Tmut/Pois 2%         N/A       50%         3
 Kindle Blastsparks       Fire/Tloc/Air  4%         2d10      50%         3
 Ice Form                 Ice/Tmut       2%         N/A       88%         4
 Summon Ice Beast         Ice/Summ       2%         N/A       88%         4
 Freezing Cloud           Conj/Ice/Air   1%         6-21      99%         5


Dungeon Overview and Level Annotations

Branches:
Dungeon (4/15)
 Temple: D:4-7

Altars:
Ru
Sif Muna
Wu Jian

Annotations:
D:3 3 runed translucent doors, hackum's ghost, amateur MfHu


Innate Abilities, Weirdness & Mutations

You have a somewhat thin skeletal structure. (Dex +2, Stealth+)
You regenerate magic rapidly.


Message History

The jackal barely misses you. The jelly barely misses you.
You hit the jelly but do no damage.
The jelly is poisoned.
The acid corrodes you!
Your hands burn!
The jelly is moderately wounded.
Your jackal zombie barely misses the jackal.
The jackal misses you. The jelly hits you.
You are splashed with acid!
The jelly barely misses your jackal zombie.
The jackal closely misses you.
You closely miss the jackal.
Your jackal zombie closely misses the jackal.
The jackal barely misses you. The jelly hits your jackal zombie.
Your jackal zombie is splashed with acid.
The acid corrodes your jackal zombie!
Your jackal zombie misses the jackal.
You hit the jackal.
The jackal is heavily wounded.
The jackal bites you.
Your jackal zombie closely misses the jackal.
The jelly hits your jackal zombie.
Your jackal zombie is destroyed!
You hit the jackal but do no damage.
The jackal is poisoned.
The jackal is heavily wounded.
The jackal bites you. x2
You barely miss the jackal.
The jackal is heavily wounded.
The jelly looks more healthy.
The jackal barely misses you.
You hit the jackal but do no damage.
The jackal looks as sick as possible!
The jackal is heavily wounded.
The jackal closely misses you. The jackal bites you.
* * * LOW HITPOINT WARNING * * *
You hit the jackal but do no damage.
The jackal looks as sick as possible!
The jackal is almost dead.
You kill the jackal!
The dead are walking!
You hit the jelly but do no damage.
The jelly is poisoned.
Your hands burn!
* * * LOW HITPOINT WARNING * * *
The jelly is heavily wounded.
The jelly hits you.
* * * LOW HITPOINT WARNING * * *
The acid corrodes you!
You are splashed with acid!
You die...

####### ....... .....$.
....... ....... ####
..... .
^..###############Z.#....
................@J.......
...###############.##....
...# .# # ...# ## ..<#
#.## #..# ##.# #.#


You could see a jelly (very poisoned, ally target) and a friendly jackal zombie.

Vanquished Creatures
  Jessica (D:3)
  9 adders
  A worm (D:3)
  3 dart slugs
  7 orcs
  4 ball pythons
  6 bats
  7 endoplasms
  4 giant cockroaches
  10 goblins
  8 hobgoblins
  2 jackals (D:4)
  3 kobolds
  4 quokkas
  2 frilled lizards (D:1)
  3 rats
74 creatures vanquished.

Vanquished Creatures (collateral kills)
  A worm (D:2)
  An orc (D:4)
  2 ball pythons
  A kobold (D:1)
  A rat (D:1)
6 creatures vanquished.

Vanquished Creatures (others)
  A jackal zombie (D:4)
  An orc zombie (D:4)
  3 plants (D:3)
5 creatures vanquished.

Grand Total: 85 creatures vanquished

Notes
Turn   | Place    | Note
-------+----------+-------------------------------------------
     0 | D:1      | 2tousent the Demonspawn Necromancer began the quest for the
                  | Orb.
     0 | D:1      | Reached XP level 1. HP: 13/13 MP: 3/3
    66 | D:1      | Found a faded altar of an unknown god.
   146 | D:1      | Gained mutation: You regenerate magic rapidly. [demonic
                  | ancestry]
   146 | D:1      | Reached XP level 2. HP: 20/20 MP: 0/5
   504 | D:1      | Reached skill level 1 in Fighting
   953 | D:2      | Reached skill level 5 in Necromancy
   953 | D:2      | Reached XP level 3. HP: 26/26 MP: 6/6
  1154 | D:2      | Learned a level 3 spell: Vampiric Draining
  1345 | D:2      | Identified the +6 short sword of Xiuff {drain, rC+}
  1557 | D:2      | Reached XP level 4. HP: 30/32 MP: 1/7
  1621 | D:2      | Identified the +2 dagger of Juoc {spect, *Rage rC++ Int+4
                  | SInv}
  2245 | D:3      | Found a sacrificial altar of Ru.
  2245 | D:3      | Found a shimmering blue altar of Sif Muna.
  2426 | D:3      | Noticed Jessica
  2433 | D:3      | Killed Jessica
  2438 | D:3      | Gained mutation: You have a somewhat thin skeletal
                  | structure. (Dex +2, Stealth+) [demonic ancestry]
  2438 | D:3      | Reached XP level 5. HP: 35/38 MP: 7/9
  2461 | D:3      | Learned a level 4 spell: Animate Dead
  2731 | D:3      | Found a runed translucent gate.
  2731 | D:3      | Found a runed translucent gate.
  2731 | D:3      | Found a runed translucent gate.
  2732 | D:3      | Noticed hackum's ghost (amateur MfHu)
  3010 | D:3      | Found an ornate altar of the Wu Jian Council.
  3780 | D:4      | Splashed by a jelly's acid

Illustrated notes

Levels and vault maps discovered:
D:1:      psy_arrival_whirlpool, layout_basic, ebering_ecumenical_altar_rust
D:2:      layout_loops_corners, serial_park_tiny_pond, minmay_joined_circles
D:3:      layout_basic, mainiacjoe_overflow_six_doors_small,
          jmf_multi_god_temple, gammafunk_ghost_nasty_kobolds,
          hangedman_abyss_or_decor_lesser_grid, minmay_misc_feat_rugged,
          bh_walls_and_bars, uniq_jessica
D:4:      layout_rooms, item_on_display_a

Skill      XL: |  1  2  3  4  5 |
---------------+----------------+-----
Dodging        | 2 |  2.8
Fighting       | 1 2 |  2.2
Necromancy     | 5 |  5.9
Spellcasting   | 3 |  3.0
Stealth        | |  1.7

Action                     |  1- 3 |  4- 6 || total
---------------------------+-------+-------++-------
  Melee: Unarmed           |    18 |       ||    18
         Dagger            |    83 |   108 ||   191
         Punch             |     4 |       ||     4
   Cast: Necrotise         |    46 |    28 ||    74
         Vampiric Draining |     2 |     2 ||     4
         Animate Dead      |       |     3 ||     3
    Use: Scroll            |     3 |     5 ||     8
   Stab: Sleeping          |     4 |     5 ||     9
 Armour: Robe              |    27 |    26 ||    53
  Dodge: Dodged            |    65 |   103 ||   168

Table legend: (Time is in decaauts)
 A = Elapsed time spent in this place.
 B = Non-inter-level travel time spent in this place.
 C = Inter-level travel time spent in this place.
 D = Time resting spent in this place.
 E = Time spent auto-exploring this place.
 F = Levels seen in this place.
 G = Mean time per level.
                   A        B        C        D        E       F      G
               +--------+--------+--------+--------+--------+-----+--------+
         Total |   3781 |   3584 |    197 |      0 |   2989 |   4 |  945.2 |
       Dungeon |   3781 |   3584 |    197 |      0 |   2989 |   4 |  945.2 |
               +--------+--------+--------+--------+--------+-----+--------+

Top non-repeatable levels by time:
     D:2: 1402 daAuts
     D:3: 1206 daAuts
     D:1: 791 daAuts
     D:4: 381 daAuts
